 Dungeon Crawl Stone Soup version 0.26-a0-450-ge645bd13c1 (webtiles) character file.

Game seed: 5263628378538675814

14 MrRokkomies the Sneak (level 2, -4/25 HPs)
             Began as a Palentonga Delver on July 27, 2020.
             Killed from afar by a white imp (7 damage)
             ... with a puff of frost
             ... on level 5 of the Dungeon.
             The game lasted 00:00:53 (171 turns).

MrRokkomies the Sneak (Palentonga Delver)            Turns: 171, Time: 00:00:54

Health: -4/25      AC:  4    Str: 15    XL:     2   Next: 31%
Magic:  2/2        EV:  9    Int: 10    God:
Gold:   0          SH:  0    Dex: 11    Spells: 1/1 levels left

rFire    . . .     SeeInvis +   a - +0 mace
rCold    . . .     Faith    .   (no shield)
rNeg     . . .     Spirit   .   b - +0 leather armour
rPois    .         Reflect  .   (no helmet)
rElec    .         Harm     .   (no cloak)
rCorr    .                      (no gloves)
MR       .....                  (boots restricted)
Stlth    ++........             (no amulet)
HPRegen  0.08/turn              (no ring)
MPRegen  0.08/turn              (no ring)

@: hasted, very quick
A: large, rugged brown scales 3, see invisible, deformed body, roll, armoured
tail
a: Rolling Charge


You were on level 5 of the Dungeon.
You visited 1 branch of the dungeon, and saw 1 of its levels.

Inventory:

Hand Weapons
 a - a +0 mace (weapon)
Missiles
 h - 2 poisoned darts (quivered)
Armour
 b - a +0 leather armour (worn)
Wands
 g - a wand of digging (3)
Scrolls
 c - a scroll of fog
 d - a scroll of magic mapping
 e - a scroll of fear


   Skills:
 * Level 3.3 Fighting
 * Level 2.4 Maces & Flails
 + Level 1.7 Dodging
 - Level 3.3 Stealth


You had one spell level left.
You didn't know any spells.
Your spell library was empty.

Dungeon Overview and Level Annotations

Branches:
Dungeon (5/15)
 Temple: D:4-7

Altars:


Innate Abilities, Weirdness & Mutations

You are completely covered in rugged brown scales. (AC +3, +7% HP)
You have supernaturally acute eyesight. (SInv)
Armour fits poorly on your strangely shaped body.
You can roll at foes to attack.
You have a long armoured tail.


Message History

The white imp gestures at you. The puff of frost misses you.
The white imp hits you. The white imp freezes you.
Things that are here:
a +0 whip; a +0 hunting sling; a gnoll corpse You hit the white imp.
Your tail-slap misses the white imp.
The white imp is heavily wounded.
The white imp hits you but does no damage.
You barely miss the white imp.
Your tail-slap misses the white imp.
The white imp is heavily wounded.
You hit the white imp.
The white imp is heavily wounded.
The white imp gestures at you. The puff of frost hits you.
* * * LOW HITPOINT WARNING * * *
You hit the white imp.
The white imp is almost dead.
The white imp gestures at you. The puff of frost hits you!
You die...

##### ..5..######
..........# ....g####.#
.....
#.#######################
.....
#.((...5@................
....g
#########################
....( ..# # ...(. ####
#.# # .###. #.. #.# # #.#
#.# #
..[###########.#####.# #
...............>.....###
##.###.#.######.....)..


You could see a white imp.

Vanquished Creatures
  A gnoll (D:5)
  A leopard gecko (D:5)
  2 jackals (D:5)
4 creatures vanquished.

Notes
Turn   | Place    | Note
-------+----------+-------------------------------------------
     0 | D:5      | MrRokkomies the Palentonga Delver began the quest for the
                  | Orb.
     0 | D:5      | Reached XP level 1. HP: 19/19 MP: 1/1
   162 | D:5      | Reached XP level 2. HP: 25/25 MP: 2/2
   171 | D:5      | Killed from afar by a white imp

Illustrated notes

Levels and vault maps discovered:
D:5:      layout_basic

Action                   || total
-------------------------++-------
Melee: Mace              ||    11
       Tailslap          ||     1
Throw: Dart              ||     4
  Use: Potion            ||     1
Armor: Leather armour    ||     3
Dodge: Dodged            ||     7

Table legend: (Time is in decaauts)
 A = Elapsed time spent in this place.
 B = Non-inter-level travel time spent in this place.
 C = Inter-level travel time spent in this place.
 D = Time resting spent in this place.
 E = Time spent auto-exploring this place.
 F = Levels seen in this place.
 G = Mean time per level.
                   A        B        C        D        E       F      G
               +--------+--------+--------+--------+--------+-----+--------+
         Total |    171 |    171 |      0 |     17 |      1 |   1 |  171.0 |
       Dungeon |    171 |    171 |      0 |     17 |      1 |   1 |  171.0 |
               +--------+--------+--------+--------+--------+-----+--------+

Top non-repeatable levels by time:
     D:5: 171 daAuts
